 Dungeon Crawl Stone Soup version 0.29-a0-822-ga620ab95ad (webtiles) character file.

Game seed: 6871208141578342778

210 Ajdolov the Changer (level 5, -2/22 HPs)
             Began as a Felid Transmuter on July 7, 2022.
             Was a Follower of Dithmenos.
             Blown up by Ijyb (13 damage)
             ... with a mindburst bolt
             ... on level 5 of the Dungeon.
             The game lasted 00:09:47 (6189 turns).

Ajdolov the Changer (Felid Transmuter)              Turns: 6189, Time: 00:09:48

Health: -2/22      AC:  1    Str:  6    XL:     5   Next: 57%
Magic:  9/9        EV: 17    Int: 16    God:    Dithmenos [*.....]
Gold:   166        SH:  0    Dex: 17    Spells: 3/8 levels left
                                        Lives:  0   Deaths: 1

rFire   . . .      SeeInvis +     - Unarmed
rCold   . . .      Faith    .   (shield unavailable)
rNeg    + . .      Spirit   .   (body armour unavailable)
rPois   .          Reflect  .   (helmet unavailable)
rElec   .          Harm     .   (cloak unavailable)
rCorr   .          Rampage  .   (gloves unavailable)
Will    .....                   (boots unavailable)
Stlth   +++.......              (no amulet)
HPRegen 0.07/turn               t - ring of positive energy
MPRegen 0.11/turn               (no ring)

@: wreathed by umbra, invisible, quick
A: very small, claws 1, fangs 3, see invisible, speed 1, shaggy fur 1, stealthy
paws, no weapons or thrown items, no armour, multi-lived
a: Renounce Religion


You were on level 5 of the Dungeon.
You worshipped Dithmenos.
Dithmenos was aware of your devotion.
You visited 2 branches of the dungeon, and saw 6 of its levels.

You collected 166 gold pieces.

Inventory:

Jewellery
 t - a ring of positive energy (left paw)
Scrolls
 b - 2 scrolls of teleportation
 d - a scroll of immolation {unknown}
 f - 2 scrolls of poison
 h - a scroll of brand weapon {unknown}
 i - a scroll of enchant weapon {unknown}
 k - a scroll of silence {unknown}
 m - 2 scrolls of fog
 p - 2 scrolls of fear
 r - a scroll of noise {unknown}
 s - a scroll of acquirement {unknown}
 u - a scroll of blinking {unknown}
Potions
 a - a potion of flight {unknown}
 c - a potion of invisibility
 g - a potion of cancellation
 j - a potion of brilliance {unknown}
 l - a potion of ambrosia {unknown}
 o - 3 potions of heal wounds {unknown}
 q - a potion of magic {unknown}


   Skills:
 - Level 1.0 Fighting
 - Level 2.6 Dodging
 - Level 4.0 Stealth
 - Level 3.0 Unarmed Combat
 - Level 2.0 Spellcasting
 + Level 5.2 Transmutations
 * Level 2.6 Ice Magic


You had 3 spell levels left.
You knew the following spells:

 Your Spells              Type           Power      Damage    Failure   Level
a - Beastly Appendage     Tmut           36%        N/A       2%          1
b - Ice Form              Ice/Tmut       14%        N/A       38%         4

Your spell library contained the following spells:

 Spells                   Type           Power      Damage    Failure   Level
 Wereblood                Tmut           18%        N/A       3%          2
 Summon Small Mammal      Summ           4%         N/A       21%         1
 Spider Form              Tmut/Pois      10%        N/A       22%         3
 Call Canine Familiar     Summ           1%         N/A       52%         3
 Summon Guardian Golem    Hex/Summ       1%         N/A       52%         3
 Alistair's Intoxication  Tmut/Pois      6%         N/A       89%         5
 Borgnjor's Vile Clutch   Necr/Erth      0%         N/A       99%         5
 Eringya's Noxious Bog    Tmut/Pois      5%         N/A       100%        6
 Orb of Destruction       Conj           0%         9d5       100%        7
 Spellforged Servitor     Conj/Summ      0%         N/A       100%        7


Dungeon Overview and Level Annotations

Branches:
Dungeon (5/15)             Temple (1/1) D:4

Altars:
Ashenzari
Cheibriados
Dithmenos
Elyvilon
Kikubaaqudgha
Makhleb
Nemelex Xobeh
Okawaru
Trog
Vehumet
Xom
Yredelemnul
Zin

Annotations:
D:2 Terence
D:4 2 runed translucent doors, triguntf's ghost, amateur HOFi
D:5 Grinder; Ijyb


Innate Abilities, Weirdness & Mutations

You have sharp claws.
You have razor-sharp teeth.
You have supernaturally acute eyesight. (SInv)
You cover ground quickly. (Speed+)
You are covered in fur. (AC +1)
Your paws help you pounce on unaware monsters.
You are incapable of wielding weapons or throwing items.
You cannot wear armour.
You gain extra lives every three experience levels.


Message History

You start resting.
HP restored.
There is a shaft here.
There is a stone staircase leading down here.
You climb downwards.
Level annotation: Grinder; Ijyb Ijyb zaps a wand.
Your mind is blasted!
Ouch! That really hurt!
Ijyb closely misses you.
There is a stone staircase leading up here.
You aren't carrying any items that you can evoke.
It was a potion of cancellation.
You feel magically purged. Ijyb misses you.
It was a potion of invisibility.
You fade into invisibility!
Ijyb misses you. Ijyb barely misses you.
You closely miss Ijyb. You bite Ijyb.
Ijyb is lightly wounded.
You barely miss Ijyb. Your bite misses Ijyb.
Ijyb is lightly wounded.
Ijyb grins evilly.
Ijyb completely misses you.
You pounce on the helpless Ijyb from behind!
You claw Ijyb!
Ijyb is moderately wounded.
Ijyb completely misses you.
You scratch Ijyb but do no damage. Your bite misses Ijyb.
Ijyb is moderately wounded.
Ijyb misses you.
You scratch Ijyb.
Ijyb is heavily wounded.
Ijyb zaps a wand.
You struggle to resist.
You closely miss Ijyb. Your bite misses Ijyb.
Ijyb is heavily wounded.
Ijyb barely misses you.
You scratch Ijyb but do no damage.
Ijyb is heavily wounded.
Ijyb zaps a wand.
Your mind is blasted!
Ouch! That really hurt!
You die...

#.....r.... ..
#......g... ..
#..[....... ..
##......n###
#...........
#........# # ##
#.#'####.... ..
#.#g.......? ##
#.#@######## ##
#...<....... ..
####.########## ##
######..............
. #...............##
######
####.#.##....##.#
#..... ..
#.#.....<#.# #.# #.
# #.#......#.# #.#
#.
#.#......#.####.####


You could see Ijyb (unable to see you).

Vanquished Creatures
  A jelly (D:5)
  2 hounds (D:4)
  2 orc priests (D:5)
  An iguana (D:5)
  An orc wizard (D:5)
  2 adders
  A white imp (D:4)
  A worm (D:2)
  2 dart slugs
  7 orcs
  5 bats
  3 endoplasms
  3 giant cockroaches
  5 goblins
  10 hobgoblins
  4 quokkas
  4 ball pythons
  4 frilled lizards
  7 kobolds
  7 rats
72 creatures vanquished.

Notes
Turn   | Place    | Note
-------+----------+-------------------------------------------
     0 | D:1      | Ajdolov the Felid Transmuter began the quest for the Orb.
     0 | D:1      | Reached XP level 1. HP: 9/9 MP: 4/4
   150 | D:1      | Reached skill level 1 in Stealth
   295 | D:1      | Reached XP level 2. HP: 10/12 MP: 6/6
  1272 | D:2      | Reached XP level 3. HP: 15/15 MP: 7/7
  1560 | D:2      | Noticed Terence
  1914 | D:3      | Found a burning altar of Makhleb.
  2277 | D:4      | Found a staircase to the Ecumenical Temple.
  2605 | Temple   | Entered the Ecumenical Temple
  2620 | Temple   | Became a worshipper of Dithmenos the Shadowed
  2651 | D:4      | Reached skill level 3 in Transmutations
  2651 | D:4      | Reached XP level 4. HP: 11/19 MP: 8/8
  3157 | D:4      | Reached skill level 4 in Transmutations
  3698 | D:4      | Learned a level 4 spell: Ice Form
  3699 | D:4      | Found a large runed translucent door.
  3699 | D:4      | Found a large runed translucent door.
  3740 | D:4      | Noticed triguntf's ghost (amateur HOFi)
  3767 | D:4      | Found a basalt altar of Yredelemnul.
  4285 | D:5      | Entered Level 5 of the Dungeon
  4369 | D:5      | Reached XP level 5. HP: 22/22 MP: 9/9
  5056 | D:4      | Reached skill level 1 in Ice Magic
  5626 | D:5      | Splashed by a jelly's acid
  5627 | D:5      | Reached XP level 4. HP: -1/19 MP: 8/8
  5667 | D:5      | Reached skill level 5 in Transmutations
  5687 | D:5      | Reached XP level 5. HP: 22/22 MP: 9/9
  5687 | D:5      | Reached * piety under Dithmenos
  5785 | D:5      | Noticed Grinder
  5828 | D:5      | Noticed Ijyb
  6189 | D:5      | Blown up by Ijyb

Illustrated notes

Levels and vault maps discovered:
D:1:      lemuel_arrival_cross, layout_rooms, kennysheep_crisscross
D:2:      layout_rooms, chequers_ecumenical_altar_lobes, uniq_terence
D:3:      layout_rooms, bloody_makhleb, minivault_23
D:4:      layout_loops_ring, lemuel_round_altar, minmay_temple_entry_tees,
          ebering_ghost_disaster_area, hangedman_abyss_or_decor_slice
D:5:      layout_basic, goddamned_bats, uniq_prince_ribbit1, uniq_grinder,
          uniq_ijyb
Temple:   minmay_freezing_vapour_temple

Skill      XL: |  1  2  3  4  5 |
---------------+----------------+-----
Stealth        | 2 4 |  4.0
Transmutations | 3 5 |  5.2
Ice Magic      | 2 1 |  2.6
Fighting       | |  1.0
Dodging        | |  2.6
Unarmed Combat | |  3.0
Spellcasting   | |  2.0

Action                   |  1- 3 |  4- 6 || total
-------------------------+-------+-------++-------
Melee: Unarmed           |   104 |   137 ||   241
       Bite              |     7 |     9 ||    16
       Punch             |     2 |     4 ||     6
  Use: Potion            |       |     4 ||     4
       Scroll            |       |     4 ||     4
 Stab: Sleeping          |     8 |     4 ||    12
       Invisible         |       |     1 ||     1
Armor: Skin              |     3 |     4 ||     7
Dodge: Dodged            |    63 |   100 ||   163

Table legend: (Time is in decaauts)
 A = Elapsed time spent in this place.
 B = Non-inter-level travel time spent in this place.
 C = Inter-level travel time spent in this place.
 D = Time resting spent in this place.
 E = Time spent auto-exploring this place.
 F = Levels seen in this place.
 G = Mean time per level.
                   A        B        C        D        E       F      G
               +--------+--------+--------+--------+--------+-----+--------+
         Total |   5646 |   5371 |    275 |   2530 |   1885 |   6 |  941.0 |
       Dungeon |   5629 |   5357 |    272 |   2530 |   1884 |   5 | 1125.8 |
        Temple |     17 |     14 |      3 |      0 |      0 |   1 |   17.0 |
               +--------+--------+--------+--------+--------+-----+--------+

Top non-repeatable levels by time:
     D:4: 2364 daAuts
     D:1: 1181 daAuts
     D:5: 958 daAuts
     D:3: 861 daAuts
     D:2: 264 daAuts
  Temple: 17 daAuts
